 Dungeon Crawl Stone Soup version 0.26.1-11-gd32895ea62 (webtiles) character file.

Game seed: 3769992323256580128

1544 vvl the Ruffian (level 8, -2/66 HPs)
             Began as a Purple Draconian Transmuter on July 12, 2021.
             Slain by an orc warrior
             ... wielding a +0 trident
              (14 damage)
             ... on level 6 of the Dungeon.
             The game lasted 00:14:27 (6960 turns).

vvl the Ruffian (Purple Draconian Transmuter)       Turns: 6960, Time: 00:14:27

Health: -2/66      AC: 12    Str: 15    XL:     8   Next: 56%
Magic:  15/15      EV: 13    Int: 13    God:
Gold:   352        SH:  0    Dex: 12    Spells: 9/16 levels left

rFire    . . .     SeeInvis .     - Unarmed
rCold    . . .     Faith    .   (no shield)
rNeg     . . .     Spirit   .   (armour unavailable)
rPois    .         Reflect  .   (helmet currently unavailable)
rElec    .         Harm     .   w - +1 cloak
rCorr    .         Rampage  .   (no gloves)
Will     +....                  (boots currently unavailable)
Stlth    ..........             (no amulet)
HPRegen  0.21/turn              g - +4 ring of protection
MPRegen  0.14/turn              f - ring of attention (curse)

@: appendages, wereblooded
A: breathe power, unfitting armour, horns 2, talons 2, cold-blooded, AC +6
a: Breathe Dispelling Energy, End Transformation


You were on level 6 of the Dungeon.
You had grown temporary horns.
You had grown temporary talons.
You visited 1 branch of the dungeon, and saw 6 of its levels.

You collected 352 gold pieces.

Inventory:

Armour
 d - a +0 pair of boots (melded)
 w - a +1 cloak (worn)
Jewellery
 f - a cursed ring of attention (right hand)
 g - a +4 ring of protection (left hand)
 l - an uncursed ring of flight {unknown}
Wands
 y - a wand of acid (6)
Scrolls
 a - 3 scrolls of enchant armour
 b - 6 scrolls of teleportation
 h - a scroll of amnesia
 n - a scroll of enchant weapon {unknown}
 o - a scroll of immolation
 q - 3 scrolls of fear
 u - a scroll of noise {unknown}
 x - a scroll of magic mapping
Potions
 c - 3 potions of mutation {unknown}
 e - 2 potions of degeneration {unknown}
 i - 4 potions of brilliance {unknown}
 j - 3 potions of curing {unknown}
 k - 2 potions of attraction {unknown}
 p - 2 potions of berserk rage {unknown}
 r - a potion of heal wounds {unknown}
 s - a potion of cancellation {unknown}


   Skills:
 + Level 4.2 Fighting
 - Level 3.0 Dodging
 * Level 6.1 Unarmed Combat
 + Level 4.7 Spellcasting
 * Level 5.7 Transmutations
 + Level 3.3 Ice Magic
 + Level 2.5 Evocations


You had 9 spell levels left.
You knew the following spells:

 Your Spells              Type           Power        Failure   Level
a - Beastly Appendage     Tmut           36%          1%          1
b - Ice Form              Ice/Tmut       14%          30%         4
c - Wereblood             Tmut           18%          2%          2

Your spell library contained the following spells:

 Spells                   Type           Power        Failure   Level
 Spider Form              Tmut/Pois      5%           19%         3
 Blade Hands              Tmut           9%           45%         5


Dungeon Overview and Level Annotations

Branches:
Dungeon (6/15)
 Temple: D:4-7

Altars:
Hepliaklqana
Uskayaw
Yredelemnul
Zin
The Shining One


Innate Abilities, Weirdness & Mutations

You can breathe bolts of dispelling energy.
Your rich purple scales are hard. (AC +6)
You cannot fit into any form of body armour.
You are cold-blooded and may be slowed by cold attacks.
You have a pair of horns on your head.
You have razor-sharp toenails.


Message History

The orc is severely wounded.
The orc hits you but does no damage.
The orc warrior hits you with a +0 trident!
* * * LOW HITPOINT WARNING * * *
You hit the orc but do no damage.
The orc is severely wounded.
The orc hits you but does no damage. The orc warrior barely misses you.
Unknown command.
You hit the orc.
The orc is almost dead.
The orc hits you but does no damage.
The orc warrior hits you but does no damage.
The orc hits you but does no damage.
The orc warrior hits you from afar with a +0 trident.
* * * LOW HITPOINT WARNING * * *
You see here a +0 dagger.
You hit the orc.
You kill the orc!
The orc warrior hits you from afar with a +0 trident!
You die...

#......#.#.########
#......#...........
#......'...........
#......##..........
###.######+########
######'#####....#
#.........##....#
#.........'.....#
#.....@...##....#
#.........#######
#.......o.# .
#........[#####...
#........)........
#######...).......
#...........
#...........
#...........


You could see an orc warrior.

Vanquished Creatures
  An orc warrior (D:5)
  An ice beast (D:5)
  An ogre (D:4)
  A phantom (D:4)
  A centaur (D:5)
  A bullfrog (D:6)
  4 scorpions
  A water moccasin skeleton (D:6)
  A hound (D:5)
  3 jellies
  2 orc priests (D:5)
  Crazy Yiuf (D:4)
  2 bullfrog skeletons (D:4)
  An orc wizard (D:5)
  Natasha (thrice) (D:3)
  6 worker ants
  A hound skeleton (D:6)
  A mummy (D:4)
  4 gnolls (D:6)
  6 adders
  2 white imps
  An ufetubus (D:5)
  An ooze (D:1)
  2 adder skeletons
  7 worms
  A dart slug (D:2)
  4 leopard geckos
  17 orcs
  2 ball pythons (D:1)
  9 bats
  6 giant cockroaches
  17 goblins
  5 hobgoblins
  12 jackals
  4 kobolds
  2 quokkas
  7 frilled lizards
  A jackal skeleton (D:5)
  A jackal zombie (D:5)
  2 kobold zombies (D:4)
  2 orc zombies (D:4)
  7 rats
154 creatures vanquished.

Notes
Turn   | Place    | Note
-------+----------+-------------------------------------------
     0 | D:1      | vvl the Draconian Transmuter began the quest for the Orb.
     0 | D:1      | Reached XP level 1. HP: 16/16 MP: 3/3
   299 | D:1      | Reached XP level 2. HP: 21/23 MP: 5/5
   913 | D:1      | Reached XP level 3. HP: 19/28 MP: 6/6
  1782 | D:2      | Reached skill level 1 in Ice Magic
  1837 | D:2      | Reached XP level 4. HP: 36/36 MP: 7/7
  2239 | D:3      | Learned a level 4 spell: Ice Form
  2532 | D:3      | Noticed Natasha
  2545 | D:3      | Killed Natasha
  2758 | D:3      | Noticed Natasha
  2769 | D:3      | Killed Natasha
  2770 | D:3      | Reached XP level 5. HP: 37/41 MP: 8/8
  2860 | D:3      | Reached skill level 4 in Unarmed Combat
  3251 | D:3      | Noticed Natasha
  3258 | D:3      | Killed Natasha
  3647 | D:4      | Noticed an ogre
  3654 | D:4      | Killed an ogre
  3655 | D:4      | Reached XP level 6. HP: 50/50 MP: 7/10
  3691 | D:4      | Got a twitching platinum amulet
  3923 | D:4      | Found a glowing silver altar of Zin.
  3927 | D:4      | Found a glowing golden altar of the Shining One.
  3930 | D:4      | Found a hazy altar of Hepliaklqana.
  3988 | D:4      | Found a runed translucent door.
  3989 | D:4      | Noticed Crazy Yiuf
  4003 | D:4      | Killed Crazy Yiuf
  4281 | D:4      | Your scales start taking on a rich purple colour.
  4281 | D:4      | Reached XP level 7. HP: 57/57 MP: 10/12
  4713 | D:4      | Reached skill level 5 in Unarmed Combat
  4791 | D:4      | Found a hide-covered altar of Uskayaw.
  4803 | D:5      | Entered Level 5 of the Dungeon
  5010 | D:5      | Reached skill level 1 in Evocations
  5358 | D:5      | Identified the amulet "Jyjoecu" {Faith rC++} (You found it
                  | on level 4 of the Dungeon)
  5391 | D:5      | Reached skill level 5 in Transmutations
  5470 | D:5      | Found a basalt altar of Yredelemnul.
  5496 | D:5      | Reached XP level 8. HP: 61/66 MP: 12/14
  5670 | D:5      | Learned a level 2 spell: Wereblood
  6767 | D:6      | Reached skill level 6 in Unarmed Combat
  6960 | D:6      | Slain by an orc warrior

Illustrated notes

Levels and vault maps discovered:
D:1:      onia_arrival_pyramid, layout_basic, minivault_27
D:2:      layout_basic
D:3:      kennysheep_the_goblin_king, layout_basic, uniq_natasha
D:4:      layout_basic, kennysheep_mini, minmay_overflow_temple_star_quad,
          minmay_mini_ossuary, uniq_crazy_yiuf_cottage
D:5:      layout_rooms, yredelemnul_altar_generic, serial_co_window_serial,
          co_window_corner_a, co_window_paths_b, co_window_corner_a,
          co_window_corner_a, co_window_corner_a, co_window_of_opportunity_a,
          co_window_2corner, co_window_2corner, co_window_broadway_c,
          co_window_broadway_b, co_window_corner_b, co_window_corner_b,
          co_window_2corner, glass_columns_c, glass_columns_b, glass_columns_a,
          glass_columns_a, glass_columns_a, corexii_shack
D:6:      layout_basic, minmay_temple_entry_stoned_glass

Skill      XL: |  1  2  3  4  5  6  7  8 |
---------------+-------------------------+-----
Dodging        | 2 3 |  3.0
Ice Magic      | 1 2 3 |  3.3
Fighting       | 2 3 4 |  4.2
Transmutations | 3 4 5 |  5.7
Unarmed Combat | 4 5 6 |  6.1
Spellcasting   | 3 4 |  4.7
Evocations     | 1 2 |  2.5

Action                   |  1- 3 |  4- 6 |  7- 9 || total
-------------------------+-------+-------+-------++-------
Melee: Unarmed           |   134 |   209 |   239 ||   582
       Tailslap          |    18 |    17 |    26 ||    61
       Punch             |     3 |     1 |    13 ||    17
       Headbutt          |     6 |    25 |    28 ||    59
       Kick              |     5 |    35 |    47 ||    87
 Cast: Beastly Appendage |     5 |    23 |    30 ||    58
       Wereblood         |       |       |     3 ||     3
 Abil: Breathe Dispellin |       |       |     1 ||     1
  Use: Scroll            |     1 |     4 |     2 ||     7
 Stab: Sleeping          |     1 |       |       ||     1
Armor: Skin              |    51 |    61 |    76 ||   188
Dodge: Dodged            |    93 |   125 |   139 ||   357
